 Dungeon Crawl Stone Soup version 0.31.0-11-ge490571c62 (webtiles) character file.

Game seed: 12532934438412793408

293482 Arcadio the Acrobat (level 20, -25/184 HPs)
             Began as a Merfolk Monk on Jan 28, 2024.
             Was the Champion of Lugonu.
             Annihilated by a war gargoyle
             ... wielding a +0 flail of protection
             ... led by a peacekeeper
              (56 damage)
             ... on level 3 of the Vaults.
             The game lasted 02:06:51 (39256 turns).

Arcadio the Acrobat (Merfolk Monk)                 Turns: 39256, Time: 02:06:52

Health: -25/184    AC: 15    Str: 25    XL:     20   Next: 83%
Magic:  0/42       EV: 28    Int: 10    God:    Lugonu [******]
Gold:   444        SH:  5    Dex: 17    Spells: 19/19 levels left

rFire   + + .        f - +9 bardiche (vamp)
rCold   + + .        (shield currently unavailable)
rNeg    + + +        O - +5 moon troll leather armour {Spirit, Regen++ MP+5}
rPois   +            B - +2 helmet
rElec   .            r - scarf {rC+ rF+}
rCorr   +            o - +0 pair of gloves of Apathy {rC+ MP+9}
SInv    .            D - +2 pair of boots {rampage}
Will    +....        g - amulet "Sualoc" {Reflect ^Drain rPois rN+++ rCorr SH+5}
Stlth   +            d - ring of protection from fire
HPRegen 2.10/turn    F - +6 ring of strength
MPRegen 0.28/turn

%: reflection, guardian spirit, rampage
@: marked, studying 2 skills
A: (nimble swimmer 2), mertail
}: 2/15 runes: decaying, gossamer
a: Renounce Religion, Depart the Abyss, Banish, Corrupt, Enter the Abyss, Brand
Weapon With Distortion


You were on level 3 of the Vaults.
You worshipped Lugonu.
Lugonu was exalted by your worship.
You visited 9 branches of the dungeon, and saw 38 of its levels.
You visited the Abyss 1 time.

You collected 5274 gold pieces.
You spent 4830 gold pieces at shops.

Inventory:

Hand Weapons
 e - a +5 demon trident of venom
 f - a +9 vampiric bardiche (weapon)
Armour
 j - a +2 cloak
 o - the +0 pair of gloves of Apathy (worn) {rC+ MP+9}
   (You bought it in a shop on level 1 of the Elven Halls)

   rC+:       It protects you from cold.
   MP+9:      It affects your magic capacity (+9).
 r - a scarf of resistance (worn)
 u - a +2 ring mail of cold resistance
 x - a +1 plate armour of fire resistance
 B - a +2 helmet (worn)
 D - a +2 pair of boots of rampaging (worn)
 H - a +3 buckler
 O - the +5 moon troll leather armour (worn) {Spirit, Regen++ MP+5}
   (You found it on level 4 of the Lair of Beasts)

   MP+5:      It affects your magic capacity (+5).
   Regen++:   It increases your rate of health regeneration.
Jewellery
 a - a ring of protection from cold
 d - a ring of protection from fire (left hand)
 g - the amulet "Sualoc" (around neck) {Reflect ^Drain rPois rN+++ rCorr SH+5}
   (You acquired it on level 7 of the Dungeon)

   [amulet of reflection]

   Reflect:   It reflects blocked missile attacks.
   rPois:     It protects you from poison rN+++: It renders you almost immune to
   negative energy.
   rCorr:     It protects you from acid and corrosion.
   ^Drain:    It drains your maximum health when unequipped.
   SH+5:      It affects your SH (+5).
 k - a ring of see invisible
 p - a +6 ring of dexterity
 F - a +6 ring of strength (right hand)
Wands
 q - a wand of charming (27)
 w - a wand of quicksilver (32)
 L - a wand of polymorph (20)
 Q - a wand of digging (15)
 R - a wand of mindburst (17)
 V - a wand of flame (53)
 Z - a wand of roots (10)
Scrolls
 i - 9 scrolls of teleportation
 n - a scroll of amnesia
 s - 10 scrolls of fog
 v - 3 scrolls of brand weapon
 y - 2 scrolls of blinking
 z - 4 scrolls of noise
 C - 7 scrolls of revelation
 G - 8 scrolls of butterflies
 I - 3 scrolls of silence
 J - 2 scrolls of torment
 S - 4 scrolls of enchant armour
 T - a scroll of immolation
 U - 4 scrolls of poison
 Y - 6 scrolls of fear
Potions
 b - 9 potions of lignification
 c - 10 potions of ambrosia
 h - a potion of resistance
 l - 6 potions of enlightenment
 m - 3 potions of might
 t - 3 potions of magic
 A - 3 potions of cancellation
 E - 4 potions of mutation
 K - a potion of attraction {unknown}
 M - 3 potions of haste
 N - 4 potions of curing
 P - 5 potions of brilliance
 X - 3 potions of heal wounds
Miscellaneous
 W - a tin of tremorstones (2/2)


   Skills:
 + Level 22.6 Fighting
 + Level 26.0 Polearms
 + Level 26.0 Dodging
 - Level 5.0 Shields
 + Level 11.5 Invocations


You had 19 spell levels left.
You didn't know any spells.
Your spell library contained the following spells:

 Spells                   Type           Power      Damage    Failure   Level
 Apportation              Tloc           0%         N/A       41%         1
 Kiss of Death            Conj/Necr      0%         2d5       41%         1
 Magic Dart               Conj           0%         1d3       41%         1
 Sting                    Conj/Alch      0%         1d3       41%         1
 Blink                    Tloc           0%         N/A       54%         2
 Call Imp                 Summ           0%         N/A       54%         2
 Ensorcelled Hibernation  Hex/Ice        0%         N/A       54%         2
 Jinxbite                 Hex            0%         N/A       54%         2
 Sublimation of Blood     Necr           0%         N/A       54%         2
 Confusing Touch          Hex            0%         N/A       78%         3
 Frozen Ramparts          Ice            0%         1d1       78%         3
 Fugue of the Fallen      Necr           0%         N/A       78%         3
 Gell's Gravitas          Tloc           0%         N/A       78%         3
 Hailstorm                Conj/Ice       0%         3d5       78%         3
 Ozocubu's Armour         Ice            0%         N/A       78%         3
 Passwall                 Erth           0%         N/A       78%         3
 Summon Ice Beast         Ice/Summ       0%         N/A       78%         3
 Swiftness                Air            0%         N/A       78%         3
 Teleport Other           Tloc           0%         N/A       78%         3
 Tukima's Dance           Hex            0%         N/A       78%         3
 Volatile Blastmotes      Fire/Tloc      0%         2d10      78%         3
 Animate Dead             Necr           0%         N/A       99%         4
 Dimensional Bullseye     Hex/Tloc       0%         N/A       99%         4
 Dispel Undead            Necr           0%         3d6       99%         4
 Fulminant Prism          Conj/Alch      0%         3d5       99%         4
 Iskenderun's Mystic Bla  Conj/Tloc      0%         2d3       99%         4
 Leda's Liquefaction      Alch/Erth      0%         N/A       99%         4
 Olgreb's Toxic Radiance  Alch           0%         N/A       99%         4
 Passage of Golubria      Tloc           0%         N/A       99%         4
 Petrify                  Alch/Erth      0%         N/A       99%         4
 Alistair's Intoxication  Alch           0%         N/A       100%        5
 Borgnjor's Vile Clutch   Necr/Erth      0%         N/A       100%        5
 Iskenderun's Battlesphe  Conj           0%         2d6       100%        5
 Metabolic Englaciation   Hex/Ice        0%         N/A       100%        5
 Yara's Violent Unravell  Hex/Alch       0%         3d3       100%        5
 Bombard                  Conj/Erth      0%         9d1       100%        6
 Conjure Ball Lightning   Conj/Air       0%         3x3d6     100%        6
 Death Channel            Necr           0%         N/A       100%        6
 Dispersal                Tloc           0%         N/A       100%        6
 Sculpt Simulacrum        Ice/Alch       0%         N/A       100%        6
 Enfeeble                 Hex            0%         N/A       100%        7
 Haunt                    Necr/Summ      0%         N/A       100%        7
 Malign Gateway           Summ/Tloc      0%         N/A       100%        7
 Ozocubu's Refrigeration  Ice            0%         4d7       100%        7
 Summon Hydra             Summ           0%         N/A       100%        7
 Discord                  Hex            0%         N/A       100%        8
 Disjunction              Tloc           0%         N/A       100%        8
 Summon Horrible Things   Summ           0%         N/A       100%        8


Dungeon Overview and Level Annotations

Branches:
Dungeon (15/15)            Temple (1/1) D:4            Lair (5/5) D:9
  Swamp (4/4) Lair:3       Spider (4/4) Lair:3        Slime (0/5) Lair:4
    Orc (2/2) D:11            Elf (2/3) Orc:2        Vaults (3/5) D:13
  Crypt (2/3) Vaults:2     Depths (0/4) D:15

Altars:
Ashenzari
Cheibriados
Dithmenos
Elyvilon
Fedhas
Gozag
Hepliaklqana
Kikubaaqudgha
Makhleb
Nemelex Xobeh
Okawaru
Qazlal
Ru
Sif Muna
Trog
Uskayaw
Vehumet
Wu Jian
Xom
Yredelemnul
Zin
The Shining One

Shops:
D:3 *   D:5 *   D:10 *   D:12 (:[!   Orc:2 ?([:   Elf:1 *   Elf:2 :
Vaults:2 (

Portals:
Hell: Lair:5
Trove: D:11 (give 13 potions of heal wounds)

Annotations:
D:6 Jeremiah
D:12 2 transporters, Gossuhes's ghost, journeyman FoFi
Lair:4 2 transporters, exclusion: ice statue, Ceyroiss's ghost, journeyman HuWn
Swamp:2 2 transporters
Abyss:1 Louise; Saint Roka


Innate Abilities, Weirdness & Mutations

((You are very nimble when in or above water. (Stealth+, EV+, Speed+++)))
Your lower body shifts to a powerful aquatic tail in water.


Message History

The peacekeeper roars a battlecry!
The war gargoyle goes into a battle-frenzy!
The war gargoyle launches metal splinters at you.
The spray of metal splinters hits you!!
You rampage towards the war gargoyle!
The war gargoyle launches metal splinters at you.
The spray of metal splinters misses you.
You hit the war gargoyle but do no damage.
The war gargoyle closely misses you.
You slash the peacekeeper!
The peacekeeper is moderately damaged.
The peacekeeper bites you! You block the peacekeeper's attack.
The war gargoyle completely misses you.
The peacekeeper completely misses you. x2
You hit the peacekeeper but do no damage.
The peacekeeper is moderately damaged.
The war gargoyle misses you. The peacekeeper bites you.
The peacekeeper claws you!
You slice the peacekeeper!!
The peacekeeper is severely damaged.
The war gargoyle barely misses you. The peacekeeper bites you.
The peacekeeper claws you but does no damage.
You slice the peacekeeper like a ripe choko!!!
You destroy the peacekeeper!
Lugonu accepts your kill.
The war gargoyle hits you with a +0 flail of protection!!
An ironbound frostheart comes into view.
You hit the war gargoyle but do no damage.
The war gargoyle launches metal splinters at you.
The spray of metal splinters misses you.
You hit the war gargoyle but do no damage.
The war gargoyle launches metal splinters at you.
The spray of metal splinters hits you!
You slice the war gargoyle!!
The war gargoyle is moderately damaged.
The war gargoyle hits you with a +0 flail of protection!!!
* * * LOW HITPOINT WARNING * * *
You feel much better. The war gargoyle completely misses you.
The ironbound frostheart completely misses you.
The war gargoyle hits you with a +0 flail of protection!!!
You die...

.... .... ...
... ####'##
#.....#
#..p9.#
####..@..####
#...........#
#...........#
#...........#
#...........#
#...........#
####.....####
#=....#
#.....#


You could see an ironbound frostheart and a war gargoyle (strong).

Vanquished Creatures
  A Tzitzimitl (Elf:2)
  Mlioglotl (Spider:2)
  A tentacled monstrosity (Swamp:2)
  A lich (Abyss:3)
  A sphinx (Vaults:1)
  Asterion (Elf:1)
  Kirke (Elf:1)
  Roxanne (D:14)
  A fenstrider witch (Swamp:2)
  A revenant (Crypt:1)
  A frost giant (D:13)
  5 vault wardens
  A deep elf elementalist (Elf:1)
  An orc warlord (Orc:2)
  4 emperor scorpions (Spider:4)
  4 ghost moths
  5 ghouls
  3 ironbound preservers (Vaults:1)
  2 ironbound thunderhulks (Vaults:1)
  2 stone giants
  A broodmother (Spider:2)
  5 vampire knights (Crypt:1)
  A formless jellyfish (Vaults:1)
  A dire elephant (Lair:5)
  A deep elf death mage (Elf:2)
  6 spark wasps
  Azrael (D:13)
  10 bunyips
  2 deep elf annihilators (Elf:1)
  2 eleionomae
  An eidolon (Crypt:1)
  A shambling mangrove (Swamp:4)
  5 entropy weavers
  A spriggan zombie (Crypt:1)
  A great orb of eyes (D:13)
  17 hydras
  Harold (Lair:2)
  An ice dragon (D:13)
  2 ironbound frosthearts
  A peacekeeper (Vaults:3)
  19 centaur warriors
  11 alligators
  2 ogre magi
  3 vault guards
  7 ghost crabs
  6 boulder beetles
  2 catoblepae
  22 dancing weapons
  4 death knights (Crypt:1)
  11 two-headed ogres
  A thrashing horror (Abyss:3)
  Urug (D:12)
  2 orc high priests
  3 demonic crawlers
  4 tengu warriors (D:15)
  5 deep elf knights
  2 spriggan berserkers (Swamp:4)
  2 soul eaters (Crypt:1)
  2 skysharks (Lair:5)
  A titan skeleton (Crypt:1)
  A fire crab (Lair:5)
  17 skeletal warriors
  A sixfirhy (Lair:5)
  2 flayed ghosts (Crypt:1)
  5 pharaoh ants
  2 sun moths
  2 goliath frogs
  A golden dragon zombie (Crypt:1)
  2 bunyip zombies (Swamp:2)
  A glowing orange brain (Vaults:2)
  9 swamp dragons
  18 slime creatures
  11 deep trolls
  2 bunyip skeletons (Swamp:2)
  An arcanist (Lair:5)
  3 spriggan druids
  13 orb spiders
  19 bog bodies
  7 deep elf archers (Elf:1)
  5 orc knights
  15 wolf spiders
  7 ironbound convokers
  4 lindwurms
  6 steelbarb worms
  An anaconda skeleton (Crypt:1)
  15 deep elf zephyrmancers
  16 deep elf pyromancers
  A necromancer (Crypt:1)
  2 large abominations (Abyss:3)
  2 orc sorcerers
  A harpy (shapeshifter) (D:15)
  11 ugly things
  7 cyclopes
  10 will-o-the-wisps
  7 phantasmal warriors (Crypt:1)
  3 manticores
  A centaur zombie (Crypt:1)
  3 meliai (D:13)
  A moth of wrath (Spider:4)
  14 elephants
  An iron dragon skeleton (Crypt:1)
  2 smoke demons
  7 black mambas
  11 vault sentinels
  9 kobold blastminers (Orc:2)
  3 torpor snails
  4 orange demons
  A gargoyle (D:14)
  17 cane toads
  An unseen horror (shapeshifter) (Elf:2)
  4 rime drakes
  Maggie (D:5)
  3 unseen horrors
  A freezing wraith (Crypt:1)
  An ice devil (Lair:5)
  3 kobold demonologists (D:13)
  An anaconda simulacrum (Crypt:1)
  Psyche (D:9)
  9 komodo dragons
  An ancient zyme (Abyss:3)
  7 trolls
  4 yaktaurs
  A great orb of eyes zombie (Crypt:1)
  A polar bear (Lair:5)
  14 tyrant leeches
  A red devil (Lair:5)
  28 tarantellas
  A bloated husk (Swamp:1)
  Grinder (D:3)
  7 blink frogs (Lair:5)
  18 hornets
  3 raiju
  28 jumping spiders
  19 culicivoras
  An air elemental (Elf:1)
  6 shadows
  9 wraiths
  A vampire (D:14)
  A ynoxinul (Abyss:3)
  47 yaks
  A fire bat (Orc:2)
  8 water elementals
  6 fire elementals
  3 wargs
  13 spriggans
  5 wyverns
  4 basilisks
  52 redbacks
  14 vampire mosquitoes
  23 swamp worms
  2 acid dragons
  15 hell hounds
  16 water moccasins
  26 orc warriors
  8 swamp drakes (Swamp:4)
  A black bear (D:7)
  A hornet zombie (Swamp:2)
  An ice beast (D:5)
  A spriggan simulacrum (Swamp:2)
  8 boggarts
  A black mamba simulacrum (Crypt:1)
  9 laughing skulls
  17 ogres
  2 sky beasts
  4 centaurs
  9 wolves (Lair:4)
  2 swamp dragon skeletons
  A tengu (shapeshifter) (Elf:1)
  A phantom (D:7)
  A hog skeleton (Crypt:1)
  2 earth elementals
  4 necrophages (Swamp:1)
  3 scorpions
  7 bullfrogs
  A gnoll sergeant (D:13)
  8 wights (D:9)
  5 electric eels
  2 howler monkeys (D:10)
  A crimson imp (D:8)
  A basilisk zombie (Crypt:1)
  A jelly (D:1)
  A quasit (D:7)
  A bombardier beetle (D:5)
  A gnoll bouda (D:7)
  7 hounds
  18 orc priests
  2 sleepcaps
  4 iguanas
  19 orc wizards
  Ijyb (D:3)
  A killer bee zombie (Crypt:1)
  Robin (D:3)
  7 gnolls
  5 adders
  2 shadow imps (D:7)
  3 white imps (D:7)
  2 ufetubi (D:7)
  A dart slug (D:2)
  2 ribbon worms
  81 orcs
  3 bats (D:2)
  7 endoplasms
  3 giant cockroaches
  28 goblins
  13 hobgoblins
  12 jackals
  2 quokkas
  5 ball pythons
  4 frilled lizards
  13 kobolds
  11 rats
  A starspawn tentacle (Abyss:3)
1288 creatures vanquished.

Vanquished Creatures (others)
  A tentacled starspawn (Abyss:3)
  A deep elf knight (Elf:1)
  A fire crab (Abyss:3)
  4 bloated husks
  A tyrant leech (Swamp:1)
  A culicivora (Spider:1)
  A laughing skull (Abyss:3)
  A white imp (D:7)
  24 foxfires
  6 starspawn tentacles (Abyss:3)
41 creatures vanquished.

Grand Total: 1329 creatures vanquished

Notes
Turn   | Place    | Note
-------+----------+-------------------------------------------
     0 | D:1      | Arcadio the Merfolk Monk began the quest for the Orb.
     0 | D:1      | Reached XP level 1. HP: 18/18 MP: 1/1
     1 | D:1      | Found a runed translucent door.
     2 | D:1      | Noticed a jelly
   151 | D:1      | Reached XP level 2. HP: 23/24 MP: 2/2
  1010 | D:2      | Reached XP level 3. HP: 28/30 MP: 3/3
  1385 | D:2      | Identified the +4 ring mail of Dogmatism {Harm rPois Int-3
                  | Dex+4}
  1680 | D:3      | Reached XP level 4. HP: 37/37 MP: 4/4
  1702 | D:3      | Reached skill level 5 in Dodging
  1741 | D:3      | Noticed Ijyb
  1832 | D:3      | Killed Ijyb
  1833 | D:3      | Reached skill level 5 in Polearms
  1849 | D:3      | Found Heuteps's Assorted Antiques.
  1955 | D:3      | Noticed Grinder
  1958 | D:3      | Killed Grinder
  1959 | D:3      | Reached skill level 5 in Fighting
  1959 | D:3      | Reached XP level 5. HP: 44/44 MP: 5/5
  1959 | D:3      | Reached XP level 6. HP: 51/51 MP: 6/6
  2116 | D:3      | Noticed Robin
  2149 | D:3      | Killed Robin
  2609 | D:4      | Found a staircase to the Ecumenical Temple.
  2624 | Temple   | Entered the Ecumenical Temple
  2674 | D:4      | Found a hazy altar of Hepliaklqana.
  2750 | D:4      | Found an ornate altar of the Wu Jian Council.
  2806 | D:4      | Reached XP level 7. HP: 57/57 MP: 7/7
  3014 | D:4      | Found Laor's Vocational Training.
  3557 | D:5      | Entered Level 5 of the Dungeon
  3763 | D:5      | Reached XP level 8. HP: 33/65 MP: 8/8
  4027 | D:5      | Found a glowing golden altar of the Shining One.
  4148 | D:5      | Found Nasius's Assorted Antiques.
  4156 | D:5      | Bought a scroll labelled COAJOF LABUPSY for 33 gold pieces
  4156 | D:5      | Bought a scroll labelled USALUF BAOWY for 33 gold pieces
  4637 | D:6      | Noticed Maggie
  4637 | D:6      | Noticed Jeremiah
  4656 | D:5      | Killed Maggie
  4657 | D:5      | Reached XP level 9. HP: 23/74 MP: 9/9
  5035 | D:6      | Found an ancient bone altar of Kikubaaqudgha.
  5555 | D:7      | Reached skill level 10 in Polearms
  5605 | D:7      | Reached skill level 10 in Dodging
  6331 | D:8      | Noticed a two-headed ogre
  6380 | D:7      | Identified 2 scrolls of acquirement
  6381 | D:7      | Acquired the amulet "Sualoc" {Reflect ^Drain rPois rN+++
                  | rCorr SH+5}
  6395 | D:7      | Acquired a +3 demon trident of venom
  6410 | D:8      | Killed a two-headed ogre
  6411 | D:8      | Reached XP level 10. HP: 68/83 MP: 10/10
  6663 | D:8      | Found a shadowy altar of Dithmenos.
  6669 | D:8      | Became a worshipper of Dithmenos the Shadowed
  6669 | D:8      | Reached * piety under Dithmenos
  6669 | D:8      | Reached ** piety under Dithmenos
  6867 | D:8      | Found a radiant altar of Vehumet.
  6944 | D:8      | Found a burning altar of Makhleb.
  7123 | D:9      | Found a staircase to the Lair.
  7138 | D:9      | Reached skill level 1 in Shields
  7245 | D:9      | Noticed Psyche
  7249 | D:9      | Killed Psyche
  7256 | D:9      | Found a glowing silver altar of Zin.
  7277 | D:9      | Reached skill level 10 in Fighting
  7666 | D:9      | Noticed a lindwurm
  7681 | D:9      | Noticed a lindwurm
  7682 | D:9      | Noticed a lindwurm
  7684 | D:9      | Noticed a lindwurm
  7771 | Lair:1   | Entered Level 1 of the Lair of Beasts
  7779 | Lair:1   | Noticed a cane toad
  7783 | Lair:1   | Killed a cane toad
  7809 | Lair:1   | Noticed a black mamba
  7822 | Lair:1   | Killed a black mamba
  7826 | Lair:1   | Reached XP level 11. HP: 84/92 MP: 11/11
  8578 | Lair:2   | Reached skill level 5 in Shields
  8672 | Lair:2   | Noticed a catoblepas
  8693 | Lair:2   | Killed a catoblepas
  8800 | Lair:2   | Noticed Harold
  8809 | Lair:2   | Killed Harold
  8809 | Lair:2   | Reached *** piety under Dithmenos
  9674 | Lair:2   | Reached XP level 12. HP: 74/102 MP: 12/12
 10426 | Lair:2   | Reached skill level 15 in Polearms
 10434 | Lair:2   | Reached skill level 15 in Dodging
 10715 | Lair:3   | Noticed a five-headed hydra
 10725 | Lair:3   | Killed a five-headed hydra
 11055 | Lair:3   | Found a staircase to the Swamp.
 11646 | Lair:3   | Found a hole to the Spider Nest.
 11675 | Lair:3   | Reached **** piety under Dithmenos
 11922 | Lair:4   | Noticed a six-headed hydra
 11981 | Lair:4   | Found a transporter.
 11982 | Lair:4   | Found a transporter.
 11982 | Lair:4   | Found a staircase to the Slime Pits.
 12000 | Lair:4   | Noticed a death yak
 12003 | Lair:4   | Noticed a catoblepas
 12006 | Lair:4   | Noticed Ceyroiss's ghost (journeyman HuWn)
 12016 | Lair:4   | Found the +5 moon troll leather armour {Spirit, Regen++
                  | MP+5}
 12045 | Lair:4   | Reached XP level 13. HP: 107/111 MP: 13/13
 12715 | Lair:5   | Entered Level 5 of the Lair of Beasts
 13145 | Lair:5   | Identified the +6 dagger "Pendulum" {freeze, rN+ Str+3
                  | Int+3 Dex+2}
 13468 | Lair:5   | Noticed a dire elephant
 13488 | Lair:5   | HP: 7/171 [dire elephant (28)]
 13488 | Lair:5   | HP: 2/171 [dire elephant (5)]
 13489 | Lair:5   | Killed a dire elephant
 13706 | Lair:5   | Reached skill level 15 in Fighting
 13719 | Lair:5   | Found a burning altar of Makhleb.
 13742 | Lair:5   | Reached ***** piety under Dithmenos
 13764 | Lair:5   | Reached XP level 14. HP: 123/123 MP: 14/14
 13813 | Lair:5   | Found a gateway to Hell.
 14619 | D:10     | Entered Level 10 of the Dungeon
 14895 | D:10     | Found a broken altar of Ashenzari.
 14981 | D:10     | Found Tetuerr's Hallowed Reliquary.
 14998 | D:10     | Noticed an angel
 15001 | D:10     | Bought a potion of heal wounds for 85 gold pieces
 15001 | D:10     | Bought a potion of curing for 51 gold pieces
 15001 | D:10     | Bought a potion of heal wounds for 85 gold pieces
 15513 | D:11     | Identified the +0 cloak of Ciuwuzu {Int+3}
 15514 | D:11     | Found a staircase to the Orcish Mines.
 15740 | D:11     | Found a portal to a secret trove of treasure.
 16141 | D:12     | Found a transporter.
 16142 | D:12     | Noticed Gossuhes's ghost (journeyman FoFi)
 16376 | D:12     | Found Doitroa's Distillery.
 16397 | D:12     | Bought a potion of ambrosia for 104 gold pieces
 16397 | D:12     | Bought a potion of heal wounds for 65 gold pieces
 16397 | D:12     | Bought a potion of curing for 39 gold pieces
 16397 | D:12     | Bought a potion of lignification for 39 gold pieces
 16454 | D:12     | Found Azismer's Antique Armour Shop.
 16568 | D:12     | Bought a pair of embroidered boots for 225 gold pieces
 16601 | D:12     | Noticed Urug
 16612 | D:12     | Killed Urug
 16659 | D:12     | Acquired a +5 vampiric bardiche
 16870 | D:12     | Found Lenuust's Book Boutique.
 17077 | D:12     | Found Xileh's Antique Weapon Shop.
 17103 | D:12     | Found a transporter.
 17661 | D:13     | Reached ****** piety under Dithmenos
 17811 | D:13     | Noticed a stone giant
 17812 | D:13     | Noticed a frost giant
 17827 | D:13     | Killed a stone giant
 17842 | D:13     | Killed a frost giant
 17850 | D:13     | Identified the +2 scale mail of Xajiely {^Contam rPois rF+}
 17892 | D:13     | Reached XP level 15. HP: 132/132 MP: 15/15
 17919 | D:13     | Noticed Azrael
 17964 | D:13     | Killed Azrael
 18089 | D:13     | Found a gate to the Vaults.
 19402 | D:14     | Noticed Roxanne
 19452 | D:14     | Killed Roxanne
 19708 | D:15     | Entered Level 15 of the Dungeon
 20005 | D:15     | Found a shimmering blue altar of Sif Muna.
 20078 | D:15     | Found a sparkling altar of Nemelex Xobeh.
 20277 | D:15     | Found a staircase to the Depths.
 20752 | Orc:1    | Entered Level 1 of the Orcish Mines
 20794 | Orc:1    | Found an iron altar of Okawaru.
 21113 | Orc:2    | Entered Level 2 of the Orcish Mines
 21163 | Orc:2    | Reached XP level 16. HP: 122/143 MP: 16/16
 21221 | Orc:2    | Found Vemoymag's Magic Scroll Boutique.
 21252 | Orc:2    | Bought a scroll of acquirement for 624 gold pieces
 21252 | Orc:2    | Acquired 1238 gold pieces
 21636 | Orc:2    | Found a staircase to the Elven Halls.
 21984 | Orc:2    | Found Ubyt's Antique Weapon Boutique.
 21986 | Orc:2    | Found Qel Xock's Antique Armour Shop.
 22219 | Orc:2    | Found Judim's Book Shoppe.
 22299 | Orc:2    | Found a shimmering altar of Xom.
 22595 | Spider:1 | Entered Level 1 of the Spider Nest
 22656 | Spider:1 | You fall into a shaft and drop 1 floor!
 22681 | Spider:2 | Noticed Mlioglotl
 22699 | Spider:2 | Killed Mlioglotl
 24390 | Spider:3 | Found a runed translucent door.
 24951 | Spider:3 | Identified the +0 scale mail "Iruom" {rN+++ Int+2 Dex-3
                  | Stlth-}
 24960 | Spider:3 | Reached XP level 17. HP: 121/153 MP: 13/17
 25032 | Spider:4 | Entered Level 4 of the Spider Nest
 26139 | Spider:4 | Got a gossamer rune of Zot
 26957 | Spider:1 | Identified the +8 whip of the Imbibing Tiger {pain, rPois
                  | rF- rC- Int+8}
 27459 | Swamp:1  | Entered Level 1 of the Swamp
 27836 | Swamp:1  | Reached XP level 18. HP: 162/162 MP: 18/18
 28713 | Swamp:2  | Found a transporter.
 28774 | Swamp:2  | Noticed Louise
 28789 | Abyss:3  | Found a corrupted altar of Lugonu.
 28789 | Abyss:3  | Cast into level 3 of the Abyss (Louise)
 28846 | Abyss:3  | Found a corrupted altar of Lugonu.
 28892 | Abyss:3  | Found a corrupted altar of Lugonu.
 28901 | Abyss:3  | Found a corrupted altar of Lugonu.
 28968 | Abyss:3  | Noticed a lich
 28985 | Abyss:3  | Found a viscous altar of Jiyva.
 28991 | Abyss:3  | Killed a lich
 29031 | Abyss:3  | Found a corrupted altar of Lugonu.
 29033 | Abyss:3  | Found a corrupted altar of Lugonu.
 29033 | Abyss:3  | Found a corrupted altar of Lugonu.
 29039 | Abyss:3  | Fell from the grace of Dithmenos
 29039 | Abyss:3  | Became a worshipper of Lugonu the Unformed
 29039 | Abyss:3  | Reached * piety under Lugonu
 29039 | Abyss:3  | Reached ** piety under Lugonu
 29040 | Swamp:2  | Escaped the Abyss
 29048 | Swamp:2  | Noticed a tentacled monstrosity
 29271 | Elf:1    | Entered Level 1 of the Elven Halls
 29639 | Elf:1    | Got the Secrets of the Nine Coins
 29884 | Elf:1    | Noticed Asterion
 29898 | Elf:1    | Killed Asterion
 30056 | Elf:1    | Paralysed by an air elemental for 1 turns
 30060 | Elf:1    | Paralysed by an air elemental for 1 turns
 30080 | Elf:1    | Reached skill level 1 in Invocations
 30680 | Elf:1    | Found Bujokah's Assorted Antiques.
 30733 | Elf:1    | Bought a scroll of identify for 62 gold pieces
 30733 | Elf:1    | Bought a scroll of enchant armour for 232 gold pieces
 30733 | Elf:1    | Bought a scroll of silence for 294 gold pieces
 30733 | Elf:1    | Bought a scroll of blinking for 232 gold pieces
 30733 | Elf:1    | Bought a potion of lignification for 93 gold pieces
 30733 | Elf:1    | Bought a pair of masterwork gloves for 294 gold pieces
 30733 | Elf:1    | Identified the +0 pair of gloves of Apathy {rC+ MP+9} (You
                  | bought it in a shop on level 1 of the Elven Halls)
 30759 | Elf:1    | Noticed Kirke
 30774 | Elf:1    | Killed Kirke
 30885 | Elf:2    | Reached *** piety under Lugonu
 31228 | Elf:2    | Found Wuapp's Book Shoppe.
 31451 | Elf:2    | Found a runed translucent gate.
 31461 | Elf:2    | Noticed a Tzitzimitl
 31480 | Elf:2    | Killed a Tzitzimitl
 31612 | Elf:2    | Found a runed translucent gate.
 31612 | Elf:2    | Found a runed translucent gate.
 31725 | Elf:2    | Noticed a deep elf blademaster
 32176 | Swamp:2  | Reached XP level 19. HP: 164/172 MP: 21/21
 32688 | Swamp:3  | Reached **** piety under Lugonu
 32765 | Swamp:3  | Reached skill level 5 in Invocations
 33069 | Swamp:3  | Was forgiven by Dithmenos
 33119 | Swamp:4  | Entered Level 4 of the Swamp
 33901 | Swamp:4  | Got a decaying rune of Zot
 34145 | Swamp:2  | Found a transporter.
 34184 | Swamp:2  | Killed a tentacled monstrosity
 34386 | Swamp:2  | Reached ***** piety under Lugonu
 34456 | Swamp:2  | Banished Louise
 34847 | Swamp:2  | Found an ancient bone altar of Kikubaaqudgha.
 34854 | Swamp:2  | Got the Directory of Darkness
 35179 | Vaults:1 | Entered Level 1 of the Vaults
 35724 | Vaults:1 | Reached XP level 20. HP: 179/182 MP: 25/25
 36029 | D:4      | Bought a manual of Evocations for 1120 gold pieces
 36029 | D:4      | Bought a manual of Invocations for 1120 gold pieces
 37078 | Vaults:2 | Found Bigeu's Weapon Shop.
 37458 | Vaults:2 | Found a staircase to the Crypt.
 37458 | Vaults:2 | Found a basalt altar of Yredelemnul.
 37459 | Vaults:2 | Found an ancient bone altar of Kikubaaqudgha.
 37474 | Crypt:1  | Entered Level 1 of the Crypt
 37631 | Crypt:1  | Reached skill level 10 in Invocations
 37647 | Crypt:1  | Noticed Saint Roka
 37656 | Crypt:1  | Banished Saint Roka
 38792 | Crypt:1  | Found a basalt altar of Yredelemnul.
 38983 | Crypt:1  | Reached ****** piety under Lugonu
 39255 | Vaults:3 | HP: 3/184 [war gargoyle/+0 flail of protection[a
                  | peacekeeper] (37)]
 39256 | Vaults:3 | Annihilated by a war gargoyle

Illustrated notes

Levels and vault maps discovered:
D:1:      dpeg_arrival_caged_fury, layout_loops_ring, dk_noncrumbling_2,
          nicolae_figureground_sparkle
D:2:      layout_basic
D:3:      kennysheep_goblin_castle, layout_rooms, serial_shops, shop,
          minmay_misc_feat_tiny, dk_noncrumbling_4, uniq_grinder, uniq_ijyb
D:4:      layout_basic, nicolae_overflow_crystal_walls, general_overflow_altar,
          minmay_temple_entry_antechambers, hangedman_decor_peaks_small,
          nicolae_shop_vocational
D:5:      layout_rooms, tso_altar, serial_shops, shop, nicolae_zig_zag_zippers
D:6:      layout_rooms, old_standard_altar, uniq_jeremiah, uniq_maggie
D:7:      layout_loops_ring, serial_demonic, serial_demonic_e, serial_demonic_f,
          serial_demonic_f, serial_demonic_g, serial_demonic_g,
          serial_demonic_e, serial_demonic_f
D:8:      layout_layer_cave, nicolae_vehumet_altar_sigil,
          mainiacjoe_overflow_alcove_2, makhleb_grotto_becter
D:9:      layout_basic, amcnicky_altar_gilded, david_lair_shrubbed,
          minmay_lindwurm_lava, uniq_psyche
D:10:     layout_roguey [special_room_orc], mainiacjoe_overflow_cross_hatched,
          solitary_fountain, minivault_19, nicolae_good_shop
D:11:     layout_roguey, david_orc_1_choice, nicolae_trove_entry_crystal
D:12:     layout_layer_cave, serial_shops, shop,
          nicolae_shop_tiny_real_fake_doors, kennysheep_mini_moat, shop,
          gammafunk_ghost_mausoleum, serial_glass, glass_columns_b,
          glass_columns_a, feat_on_display, minmay_strange_pillars,
          item_on_display_a, uniq_urug
D:13:     layout_grid_maze, hellmonk_vaults_order_and_chaos, minmay_the_grid_2x2
          [minmay_the_grid_dragon_b, minmay_the_grid_fan,
          minmay_the_grid_pillar_ring, minmay_the_grid_prize_diamond_cup],
          uniq_azrael
D:14:     layout_basic, nicolae_two_hexagons, uniq_roxanne
D:15:     grunt_enter_depths_snipers, layout_irregular_city,
          nemelex_diamond_rough_becter, minivault_20,
          nicolae_sif_muna_condensation
Temple:   nicolae_temple_bog_church
Lair:1:   layout_loops_ring
Lair:2:   layout_roguey, serial_rivers, chequers_serial_rivers_marsh,
          chequers_serial_rivers_room_b, chequers_serial_rivers_micro_a,
          chequers_serial_rivers_room_b, chequers_serial_rivers_room_a,
          chequers_serial_rivers_micro_a, lemuel_fruit_tree, uniq_harold
Lair:3:   layout_layer_cave, minmay_swamp_entry_worms,
          spider_nest_entry_funnel_web, evilmike_ambush
          [evilmike_ambush_outer_basic, evilmike_ambush_inner_basic]
Lair:4:   layout_roguey, slime_entry_1, nzn_ghost_randoct
Lair:5:   evil_forest, layout_regular_city
Swamp:1:  regret_index_all_hallows'_manor, layout_basic_swamp,
          hangedman_swamp_lotus, hangedman_swamp_ravenous
Swamp:2:  gammafunk_worm_tunnel, layout_basic_swamp,
          nicolae_swamp_decorative_isthmus, swamp_pool_4, beargit_kiku_chapel,
          uniq_louise
Swamp:3:  layout_basic_swamp, evilmike_swamp_ruin_house_2, swamp_pool_1_2,
          nicolae_swamp_treefoil, infiniplex_staircase_pool_2,
          nicolae_swamp_tree_isthmus
Swamp:4:  swamp_basic_johnstein, layout_basic_swamp
Spider:1: layout_spider_delve, nicolae_spider_webs_and_nodes,
          nicolae_spider_twisty_arc_passages
Spider:2: layout_chambers, nicolae_spider_orb_run, uniq_mlioglotl
Spider:3: cheibrodos_spider_deadly_dance, guppyfry_spider_mini_2
Spider:4: spider_rune_water, nicolae_spider_bzzzt
Orc:1:    layout_diamond_mine, okawaru_metal_pillars_1_2
Orc:2:    grunt_orc_community_town_hall, layout_diamond_mine,
          grunt_orc_community_big_house_1, grunt_orc_community_big_house_2,
          grunt_orc_community_house_2, grunt_orc_community_house_3,
          grunt_orc_community_house_3, grunt_orc_community_house_2,
          grunt_orc_community_house_2, grunt_orc_community_house_1,
          regret_index_xom_of_box
Elf:1:    eino_elf_arrival_the_gate, layout_geoelf_diagonals, serial_shops,
          shop, evilmike_minifort, small_statue_intersection, uniq_kirke,
          uniq_asterion
Elf:2:    nicolae_elf_blades_splatter_lattice
          [nicolae_vaults_blade_armed_guards], layout_onion_city, serial_shops,
          nicolae_book_shop_shelving
Vaults:1: hangedman_vaults_maws, nicolae_vaults_border_crossing,
          nicolae_vaults_tetromino_Z_2, nicolae_vaults_network_star,
          nicolae_vaults_network_quinsquares
          [nicolae_vaults_network_quincunx_subvault,
          nicolae_vaults_network_quincunx_subvault,
          nicolae_vaults_network_quincunx_subvault,
          nicolae_vaults_network_quincunx_subvault],
          nicolae_vaults_tetromino_L_1, v_misc_15, layout_vaults_chaotic_city
Vaults:2: minmay_crypt_entry_necro_gods, nicolae_vaults_surprise_closet,
          grunt_vaults_twisty, vaults_room_grid, v_pattern_4,
          nicolae_vaults_storage_closets_3, vaults_dpeg_emergency_exit,
          v_misc_24, v_misc_30, nicolae_vaults_taking_the_gang_shopping,
          layout_vaults_quadrants
Vaults:3: vaults_room_pools, v_misc_25, nicolae_vaults_closet_pinwheel_5,
          nicolae_vaults_windows_and_doors_thing, nicolae_vaults_minivaults,
          nicolae_vaults_little_squares_3, nicolae_vaults_tetromino_L_1,
          nicolae_vaults_three_branches, ontoclasm_vaults_bender,
          nicolae_vaults_tetromino_L_1, nicolae_vaults_what_the_h,
          dpeg_vaults_monster_box, vaults_mumra_minichess_inversion,
          vaults_dpeg_encased_lava, nicolae_vaults_trapezoid_4,
          layout_vaults_omnicross, uniq_mennas, uniq_donald, uniq_nikola
Crypt:1:  layout_basic, basic_altar, grunt_megastairs_1,
          grunt_crypt_arrival_split, uniq_saint_roka
Crypt:2:  layout_chaotic_city, st_stairs_11, lemuel_upstairs_altar,
          grunt_megastairs_4

Skill      XL: |  1  2  3  4  5  6  7  8  9 10 11 12 13 14 15 16 17 18 19 20 |
---------------+-------------------------------------------------------------+-----
Fighting       | 4 5 6 7 9 10 12 13 15 16 17 19 20 21 22 | 22.6
Dodging        | 6 7 9 11 12 14 15 17 19 20 21 23 24 25 26 | 26.0
Polearms       | 6 7 9 11 12 14 15 17 19 20 21 23 24 25 26 | 26.0
Shields        | 3 5 |  5.0
Invocations    | 3 7 11 | 11.5

Action                     |  1- 3 |  4- 6 |  7- 9 | 10-12 | 13-15 | 16-18 | 19-21 || total
---------------------------+-------+-------+-------+-------+-------+-------+-------++-------
  Melee: Spear             |    24 |       |       |       |       |       |       ||    24
         Short sword       |    75 |   126 |   247 |       |       |       |       ||   448
         Demon trident     |       |       |     7 |   458 |  1213 |  1494 |   341 ||  3513
         Morningstar       |       |       |       |     5 |    26 |       |       ||    31
         Tailslap          |       |       |       |       |     9 |    61 |    71 ||   141
         Bardiche          |       |       |       |       |       |   304 |   759 ||  1063
 Invoke: Shadow Step       |       |       |       |       |     1 |     2 |       ||     3
         Banish            |       |       |       |       |       |     3 |     7 ||    10
         Depart the Abyss  |       |       |       |       |       |     1 |       ||     1
  Evoke: Wand              |       |     3 |     4 |     4 |       |     1 |       ||    12
    Use: Scroll            |       |       |    11 |       |    10 |    22 |     5 ||    48
         Potion            |       |       |       |       |     2 |    13 |     3 ||    18
   Stab: Sleeping          |       |       |       |     2 |    12 |    14 |     1 ||    29
         Distracted        |       |       |       |       |     3 |     3 |       ||     6
         Confused          |       |       |       |       |       |       |     2 ||     2
 Armour: Robe              |    11 |       |       |       |       |       |       ||    11
         Leather armour    |    24 |       |       |       |       |       |       ||    24
         Ring mail         |     6 |    62 |   150 |    97 |     1 |       |       ||   316
         Troll leather arm |       |       |       |       |   355 |   657 |   550 ||  1562
  Dodge: Dodged            |    57 |   124 |   277 |   270 |   888 |  1443 |  1123 ||  4182
  Block: Buckler           |       |       |       |   257 |   619 |   724 |   188 ||  1788
         Reflection        |       |       |       |     3 |    24 |    22 |    12 ||    61
         Other             |       |       |       |       |       |    64 |   150 ||   214
